[Event "FIDE World School-ch G-17 2025"]
[Site "Vrnjacka Banja"]
[Date "2025.03.20"]
[Round "1.1"]
[White "Dukic, Teona"]
[Black "Kirtadze, Anastasia"]
[Result "0-1"]
[Annotator "NA RC"]
[ECO "E16"]
[WhiteElo "1770"]
[BlackElo "2180"]
[PlyCount "76"]
[EventDate "2025.03.19"]
[EventType "swiss"]
[EventCountry "SRB"]
[SourceTitle "playchess.com"]
[Source "ChessBase"]
[SourceQuality "1"]
[TimeControl "5400+30"]

1. d4 Nf6 2. c4 e6 3. Nf3 b6 4. g3 Bb4+ 5. Bd2 Be7 6. Bg2 Bb7 7. O-O O-O 8. Nc3 c6 9. e4 d5 10. cxd5 cxd5 11. e5 Ne4 12. Rc1 Ba6 13. Re1 Nxd2 14. Qxd2 b5 15. Bf1 Qb6 16. Bd3 Nc6 17. Bb1 Rfc8 18. h4 Na5 19. h5 Nc4 20. Qd3 g6 21. hxg6 hxg6 22. b3 Na3 23. Kg2 Kg7 24. Qe3 Rh8 25. Bd3 Rh6 26. Rh1 Rah8 27. Rxh6 Rxh6 28. Ng5 Rh5 29. Nh3 Bb7 30. g4 Rh4 31. Qf4 Bc6 32. f3 Qd8 33. Nb1 Rxh3 34. Rxc6 Bg5 35. Rc8 Bxf4 36. Rxd8 Rh2+ 37. Kg1 Nxb1 38. Bxb1 Rd2 0-1

[Event "FIDE World School-ch G-17 2025"]
[Site "Vrnjacka Banja"]
[Date "2025.03.20"]
[Round "1.2"]
[White "Altynbek, Aiaru"]
[Black "Engel, Ecrin Tuana"]
[Result "1-0"]
[Annotator "NA RC"]
[ECO "A92"]
[WhiteElo "2005"]
[BlackElo "1763"]
[PlyCount "101"]
[EventDate "2025.03.19"]
[EventType "swiss"]
[EventCountry "SRB"]
[SourceTitle "playchess.com"]
[Source "ChessBase"]
[SourceQuality "1"]
[TimeControl "5400+30"]

1. d4 f5 2. c4 e6 3. Nf3 Nf6 4. g3 Be7 5. Bg2 d5 6. O-O Ne4 7. Nc3 c6 8. Bf4 Nd7 9. h4 h6 10. Ne5 g5 11. e3 Nxe5 12. Bxe5 Bf6 13. Qh5+ Ke7 14. Nxe4 dxe4 15. Bxf6+ Kxf6 16. f3 exf3 17. Qxf3 Kg7 18. h5 Bd7 19. Rad1 Qb6 20. Rf2 Rad8 21. Rfd2 Rhf8 22. Kh2 Be8 23. e4 Qc7 24. exf5 Rxf5 25. Qe2 Bf7 26. Bh3 Rf6 27. Bg4 Bg8 28. Re1 Rdf8 29. Qg2 Qa5 30. a3 Qa4 31. Rc1 Qa5 32. Rc3 Qd8 33. b4 R8f7 34. Re3 Qf8 35. Ree2 Rd7 36. Qe4 Qd6 37. Qe5 Bf7 38. Kh3 Be8 39. Bxe6 Qxe5 40. Rxe5 Rd6 41. Bg4 Bf7 42. c5 Rd8 43. Re7 Rb8 44. d5 cxd5 45. Rxd5 Kf8 46. Rdd7 Bd5 47. Rh7 Kg8 48. Rhg7+ Kf8 49. Rg6 Rxg6 50. hxg6 Bc6 51. g7+ 1-0

[Event "FIDE World School-ch G-17 2025"]
[Site "Vrnjacka Banja"]
[Date "2025.03.20"]
[Round "1.3"]
[White "Ivanovski, Kalina"]
[Black "Maslova, Anastasiya Yar"]
[Result "0-1"]
[Annotator "TA"]
[ECO "D35"]
[WhiteElo "1656"]
[BlackElo "1938"]
[PlyCount "148"]
[EventDate "2025.03.19"]
[EventType "swiss"]
[EventCountry "SRB"]
[SourceTitle "playchess.com"]
[Source "ChessBase"]
[SourceQuality "1"]
[TimeControl "5400+30"]

1. d4 Nf6 2. c4 e6 3. Nc3 d5 4. cxd5 exd5 5. Bg5 Be6 6. e3 {[%emt 0:00:17] D35: Queen's Gambit Declined: Exchange Variation.} Nbd7 7. Bd3 c6 8. Qc2 {[%emt 0:00:36] White is slightly better.} h6 9. Bf4 g5 10. Bg3 Nh5 11. Nge2 Nxg3 12. Nxg3 h5 13. O-O-O h4 14. Nge2 Nb6 $146 ({Predecessor:} 14... Qf6 15. e4 Nb6 16. f3 O-O-O 17. Rhf1 Kb8 18. Kb1 dxe4 19. fxe4 Qe7 20. e5 c5 21. dxc5 Qxc5 {½-½ Pultinevicius,P (2584)-Zwirs,N (2468) Sant Boi de Llobregat op 4th 2023 (8)}) 15. f3 (15. e4 $11) 15... Qc7 16. e4 dxe4 17. Nxe4 (17. fxe4 $15 O-O-O 18. Kb1) 17... Nd5 (17... Bxa2 $6 18. b3 $11) 18. Qd2 (18. Nxg5 Bh6 19. f4 Bxg5 20. fxg5 Ne3) 18... Bh6 19. g3 O-O-O 20. Kb1 Qe7 (20... Kb8 $142 21. Nxg5 Bxg5 22. Qxg5 Nb4) 21. Nc5 $17 Qf6 22. Be4 Rhe8 23. g4 (23. Nxe6 $11 {keeps the balance.} fxe6 (23... Qxe6 24. g4 $17) 24. Rhe1) 23... Kb8 24. Rhe1 Bf8 25. Qc1 Bd6 26. Nxe6 Rxe6 (26... Qxe6 27. Qxg5 Qf6 28. Qc1 $11 (28. Qxf6 Nxf6 29. h3 Nxe4 $11)) 27. h3 Bf4 28. Qc5 Bd6 29. Qc1 Bf4 30. Qc5 Red6 31. Rd3 R6d7 32. Nc3 {[%emt 0:01:34][%csl Of4] Strong Square Black (f4)} (32. Ra3 $15 a6 33. Rb3) 32... Nc7 {[%emt 0:01:34][%csl Od4] Black attacks a weakness} (32... Bd6 33. Qc4 (33. Nxd5 $2 cxd5 34. Qb5 dxe4 $19) 33... Qe7) 33. Ne2 Ne6 34. Qf5 Qe7 35. Red1 Bc7 36. d5 Ng7 ({Black should try} 36... Nc5 $17 37. R3d2 f6) 37. Qh7 $11 Be5 (37... cxd5 $15 38. Qxg7 Be5 (38... dxe4 39. Rxd7 Rxd7 40. Rxd7 $11)) 38. dxc6 Rxd3 39. Rxd3 Rxd3 40. Bxd3 bxc6 $40 {[%emt 0:01:11][%mdl 128] White needs to defend precisely.} 41. Qe4 Qd6 {[%emt 0:00:27] Inhibits Nd4.} 42. Qc4 Ne6 43. Nc3 Bxc3 44. Qxc3 {[%emt 0:00:05][%mdl 4096] Endgame KQB-KQN} Nf4 45. Qb3+ Kc8 46. Bf1 (46. Bc2 $11) 46... Kd8 47. a3 Ke7 48. Qe3+ Kf6 49. Qc3+ Kg6 50. Qc2+ Kg7 {[%emt 0:00:08] Active counter play!} 51. Qc3+ f6 (51... Kf8 $15 {is superior.}) 52. Ka2 Ne6 53. Bc4 Nd4 54. Qe3 Kf8 {[%emt 0:00:46] Wards off Qe8+} 55. Qe4 a5 56. Qg6 {[%emt 0:00:25][%csl Gc4][%cal Rg6f7] [#]} Ke7 57. Qf7+ Kd8 58. Qg8+ Kc7 59. Qf7+ Kb6 60. Bf1 (60. Qe8 $11) 60... a4 (60... Nxf3 $2 61. Qb3+ Kc5 62. Qc3+ (62. Qxf3 Qe6+ 63. Kb1 Kb6 $18) 62... Kb6 63. Qxf3 $18) 61. Qc4 ({White should play} 61. Qe8) 61... Qd5 $17 62. Qxd5 cxd5 {[%emt 0:00:04] KB-KN} 63. Bg2 $2 {[%emt 0:00:17] Loses the game.} (63. Bd3 $17) 63... Kc5 $19 64. Kb1 Nb3 65. Kc2 Kd4 66. Bf1 Ke3 67. Kc3 Nc1 (67... Kxf3 $2 68. Bb5 $19) 68. Bb5 d4+ (68... Kxf3 69. Bxa4 Ne2+ 70. Kd2 $17) 69. Kc2 $2 (69. Kb4) 69... Ne2 70. Bxa4 d3+ (70... Kxf3 71. Kd2 d3 72. b4 $18 (72. Bc6+ Kg3 $11)) 71. Kd1 $2 (71. Kb1) 71... Nf4 {[%emt 0:00:05][%cal Od3d2] [#] Threatens to win with ...d2!.} (71... Kxf3 72. Kd2 $11) 72. Bc6 Nxh3 73. f4 Nf2+ ({Weaker is} 73... Kxf4 74. Kd2 Ke5 (74... Kxg4 $2 {is the wrong capture.} 75. a4 $18) 75. Kxd3 $17) 74. Ke1 d2+ {[%emt 0:00:03] Weighted Error Value: White=0.16 (very precise) /Black=0.16 (very precise)   Loses game:     	White=1     	---        Mistake:       	White=9     	Black=5      Inaccurate:     	White=9     	Black=7      OK:         	White=18    	Black=20     Best:        	White=3     	Black=10} 0-1

[Event "FIDE World School-ch G-17 2025"]
[Site "Vrnjacka Banja"]
[Date "2025.03.20"]
[Round "1.4"]
[White "Seyhan, Pelin"]
[Black "Dumitrache, Elisa-Andreea"]
[Result "1-0"]
[Annotator "NA RC"]
[ECO "B13"]
[WhiteElo "1924"]
[BlackElo "1650"]
[PlyCount "51"]
[EventDate "2025.03.19"]
[EventType "swiss"]
[EventCountry "SRB"]
[SourceTitle "playchess.com"]
[Source "ChessBase"]
[SourceQuality "1"]
[TimeControl "5400+30"]

1. e4 c6 2. d4 d5 3. exd5 cxd5 4. Bd3 Nc6 5. c3 e5 6. dxe5 Nxe5 7. Bb5+ Nc6 8. Nf3 Nf6 9. Bg5 a6 10. Ba4 Qe7+ 11. Be3 Qc7 12. O-O Be7 13. Re1 O-O 14. Bg5 Be6 15. Bc2 Rac8 16. Nbd2 Rfd8 17. Nb3 Ne4 18. Bxe7 Nxe7 19. Qe2 Nf6 20. Nbd4 Rd6 21. Ng5 Ne4 22. Ndxe6 fxe6 23. Bxe4 dxe4 24. Qh5 h6 25. Qf7+ Kh8 26. Nxe6 1-0

[Event "FIDE World School-ch G-17 2025"]
[Site "Vrnjacka Banja"]
[Date "2025.03.20"]
[Round "1.5"]
[White "Dange, Gehansa Ranumi"]
[Black "Buyankhishig, Batpelden"]
[Result "0-1"]
[Annotator "NA RC"]
[ECO "C77"]
[WhiteElo "1643"]
[BlackElo "1907"]
[PlyCount "68"]
[EventDate "2025.03.19"]
[EventType "swiss"]
[EventCountry "SRB"]
[SourceTitle "playchess.com"]
[Source "ChessBase"]
[SourceQuality "1"]
[TimeControl "5400+30"]

1. e4 e5 2. Nf3 Nc6 3. Bb5 a6 4. Ba4 Nf6 5. Qe2 b5 6. Bb3 Bc5 7. c3 O-O 8. d3 Bb7 9. O-O d6 10. Bg5 h6 11. Be3 Bxe3 12. fxe3 Na5 13. Bc2 c5 14. Nbd2 d5 15. d4 exd4 16. e5 d3 17. Bxd3 Ne4 18. Kh1 Qe7 19. Bxe4 dxe4 20. Ng1 Qxe5 21. Rf4 Rad8 22. Raf1 f5 23. R4f2 Bc8 24. Nh3 Rd6 25. a4 Rfd8 26. axb5 Rxd2 27. Qxd2 Rxd2 28. Rxd2 Kh7 29. bxa6 Bxa6 30. Rfd1 Bd3 31. Nf4 Nc4 32. Nxd3 exd3 33. Rxd3 Nxb2 34. Rd5 Qe4 0-1

[Event "FIDE World School-ch G-17 2025"]
[Site "Vrnjacka Banja"]
[Date "2025.03.20"]
[Round "1.6"]
[White "Nauanova Zhaniya"]
[Black "Lazic, Ana"]
[Result "1-0"]
[Annotator "NA RC"]
[ECO "D13"]
[WhiteElo "1905"]
[BlackElo "1634"]
[PlyCount "95"]
[EventDate "2025.03.19"]
[EventType "swiss"]
[EventCountry "SRB"]
[SourceTitle "playchess.com"]
[Source "ChessBase"]
[SourceQuality "1"]
[TimeControl "5400+30"]

1. c4 c6 2. Nf3 Nf6 3. Nc3 d5 4. cxd5 cxd5 5. d4 e6 6. Bf4 Bd6 7. Bxd6 Qxd6 8. e3 a6 9. Rc1 Nc6 10. Bd3 Bd7 11. O-O O-O 12. Na4 Nb4 13. Bb1 Bxa4 14. Qxa4 b5 15. Qa3 Rfd8 16. Rc5 Nc6 17. Rfc1 Ne7 18. Ne5 Nd7 19. Nxd7 Qxd7 20. g3 Rdc8 21. Qa5 Rxc5 22. Rxc5 Nc8 23. b3 Nd6 24. Qc3 Rc8 25. Bd3 g6 26. a4 bxa4 27. bxa4 Rxc5 28. dxc5 Qc6 29. Qa5 Nb7 30. Qb6 Qxb6 31. cxb6 a5 32. e4 Kf8 33. Bb5 Ke7 34. exd5 exd5 35. Bc6 Nc5 36. b7 Na6 37. Bxd5 f6 38. h4 Kd6 39. Bf7 Kc7 40. g4 Nc5 41. g5 fxg5 42. hxg5 Ne4 43. f4 Kxb7 44. Bd5+ Kc7 45. Bxe4 Kd6 46. Kf2 Kc5 47. Ke3 Kb4 48. Bc2 1-0